 Dungeon Crawl Stone Soup version 0.29.1-1-gd02db6906a (webtiles) character file.

Game seed: 3489644474794313240

7514 funnyparkerb the Basher (level 10, -8/91 HPs)
             Began as a Minotaur Berserker on Sept 19, 2022.
             Was an Elder of Trog.
             Killed by divine providence
             ... invoked by an orc priest
              (15 damage)
             ... on level 11 of the Dungeon.
             The game lasted 00:16:20 (9776 turns).

funnyparkerb the Basher (Minotaur Berserker)        Turns: 9776, Time: 00:16:20

Health: -8/91      AC: 13    Str: 32    XL:     10   Next: 95%
Magic:  9/9        EV: 10    Int:  4    God:    Trog [****..]
Gold:   699        SH:  0    Dex: 10    Spells: 9/9 levels left

rFire   . . .      SeeInvis .   P - +0 morningstar
rCold   . . .      Faith    .   (no shield)
rNeg    . . .      Spirit   .   L - +0 plate armour
rPois   +          Reflect  .   (helmet restricted)
rElec   .          Harm     .   r - +1 cloak
rCorr   .          Rampage  .   J - +2 pair of gloves
Will    ++...                   i - +0 pair of boots
Stlth   ..........              c - amulet of the acrobat
HPRegen 1.25/turn               C - ring of poison resistance
MPRegen 0.11/turn               E - +6 ring of strength

@: strong-willed, corroded, regenerating
A: horns 2, retaliatory headbutt
a: Renounce Religion, Berserk, Trog's Hand, Brothers in Arms


You were on level 11 of the Dungeon.
You worshipped Trog.
Trog was greatly pleased with you.
You visited 1 branch of the dungeon, and saw 11 of its levels.
You also visited: Ossuary.

You collected 809 gold pieces.
You spent 110 gold pieces at shops.

Inventory:

Hand Weapons
 P - a +0 morningstar (weapon)
Missiles
 F - a curare-tipped dart (quivered)
Armour
 i - a +0 pair of boots (worn)
 r - a +1 cloak (worn)
 J - a +2 pair of gloves (worn)
 L - a +0 plate armour (worn)
Jewellery
 c - an amulet of the acrobat (around neck)
 e - a ring of flight
 j - a +6 ring of intelligence
 t - a ring of resist corrosion
 u - a +4 ring of evasion
 C - a ring of poison resistance (left hand)
 E - a +6 ring of strength (right hand)
Wands
 z - a wand of flame (5)
 D - a wand of charming (6)
 H - a wand of iceblast (11)
 O - a wand of polymorph (14)
 Q - a wand of mindburst (5)
Scrolls
 b - 3 scrolls of butterflies
 f - 3 scrolls of fear {unknown}
 k - 3 scrolls of amnesia {unknown}
 m - 3 scrolls of vulnerability {unknown}
 n - a scroll of enchant armour {unknown}
 p - a scroll of summoning
 s - 5 scrolls of magic mapping {unknown}
 x - 4 scrolls of enchant weapon {unknown}
 y - a scroll of teleportation {unknown}
 A - 2 scrolls of immolation
 B - 4 scrolls of blinking {unknown}
 G - a scroll of silence {unknown}
 M - a scroll of noise {unknown}
Potions
 a - 4 potions of heal wounds
 d - 9 potions of curing
 g - 2 potions of resistance
 h - a potion of might
 l - a potion of cancellation
 o - 4 potions of attraction
 q - 4 potions of degeneration {unknown}
 v - 5 potions of mutation {unknown}
 w - 4 potions of flight {unknown}
 I - a potion of lignification {unknown}
 K - a potion of invisibility {unknown}
 N - a potion of brilliance {unknown}
 R - a potion of berserk rage {unknown}


   Skills:
 + Level 9.5 Fighting
 + Level 14.5 Maces & Flails
 + Level 9.6 Armour
 + Level 6.2 Dodging


You had 9 spell levels left.
You didn't know any spells.
Your spell library was empty.

Dungeon Overview and Level Annotations

Branches:
Dungeon (11/15)            Temple (0/1) D:7             Orc (0/2) D:10
Ossuary (visited)
   Lair: D:8-11

Altars:
Gozag
Makhleb
Nemelex Xobeh
Ru
Uskayaw
Zin

Shops:
D:3 (   D:4 *


Innate Abilities, Weirdness & Mutations

You have a pair of horns on your head.
You reflexively headbutt those who attack you in melee.


Message History

The splash of acid hits you! The acid corrodes you!
An orc priest comes into view.
It is wielding a +2 dagger of electrocution.
The killer bee stings you but does no damage.
A killer bee comes into view.
The killer bee stings you. x2
A killer bee comes into view.
The killer bee stings you but does no damage.
The killer bee buzzes angrily.
You hear a howl!
You hear an angry buzzing noise. x2; You hear a shout!
You hit the killer bee.
The killer bee is severely wounded.
You hear an angry buzzing noise.
The killer bee closely misses you.
The killer bee stings you but does no damage. x3
The acid dragon barely misses you. You furiously retaliate!
You headbutt the acid dragon!
You kill the acid dragon!
Trog accepts your kill.
The acid dragon scales are intact enough to wear.
The orc priest invokes the aid of Beogh against you.
Beogh smites you!
* * * LOW HITPOINT WARNING * * *
You closely miss the killer bee.
The killer bee is severely wounded.
The killer bee stings you.
* * * LOW HITPOINT WARNING * * *
The killer bee stings you but does no damage. x2
The killer bee closely misses you. You furiously retaliate!
You headbutt the killer bee, but do no damage.
A killer bee comes into view.
The warg bites you!
* * * LOW HITPOINT WARNING * * *
The killer bee stings you but does no damage.
The killer bee closely misses you. You furiously retaliate!
You headbutt the killer bee, but do no damage.
The killer bee barely misses you. The killer bee closely misses you.
You furiously retaliate!
You headbutt the killer bee!
The orc priest invokes the aid of Beogh against you.
Beogh smites you!
You die...

#### ...
###.####
#<.....#
#......#
#yy.####
#@yy#


#hyy# #yyy# #yy{# y.... y####o y .. #! .# You could see a queen bee, a warg, 13
killer bees and an orc priest.

Vanquished Creatures
  Pikel (D:4)
  Maggie (D:7)
  A komodo dragon (D:8)
  A kobold demonologist (D:9)
  A hornet (D:10)
  Prince Ribbit (D:7)
  6 yaks (D:10)
  A wyvern (D:9)
  2 steam dragons
  2 acid dragons
  A sky beast (D:7)
  5 water moccasins
  7 orc warriors
  2 ogres
  2 centaurs (D:9)
  4 phantoms
  An elf zombie (Ossuary)
  5 kobold brigands
  6 bullfrogs
  4 necrophages
  4 wights
  A killer bee (D:11)
  A howler monkey (D:8)
  2 human zombies (Ossuary)
  3 hounds
  4 orc priests
  A gnoll bouda (D:5)
  3 iguanas
  12 orc wizards
  A hound zombie (Ossuary)
  4 mummies (Ossuary)
  11 adders
  8 gnolls (D:5)
  3 white imps
  An ufetubus (D:6)
  2 adder zombies (Ossuary)
  3 worms (D:4)
  2 dart slugs
  46 orcs
  A bat (D:3)
  4 endoplasms
  4 giant cockroaches
  A gnoll zombie (Ossuary)
  14 goblins
  4 hobgoblins
  21 kobolds
  2 quokkas
  4 ball pythons
  4 frilled lizards
  2 goblin zombies (Ossuary)
  A hobgoblin zombie (Ossuary)
  4 rats
  2 rat zombies (Ossuary)
234 creatures vanquished.

Vanquished Creatures (others)
  A killer bee (D:11)
1 creature vanquished.

Grand Total: 235 creatures vanquished

Notes
Turn   | Place    | Note
-------+----------+-------------------------------------------
     0 | D:1      | funnyparkerb the Minotaur Berserker began the quest for the
                  | Orb.
     0 | D:1      | Reached XP level 1. HP: 19/19 MP: 0/0
   188 | D:1      | Reached skill level 4 in Maces & Flails
   358 | D:1      | Reached XP level 2. HP: 26/26 MP: 1/1
   615 | D:1      | Found a faded altar of an unknown god.
  1173 | D:2      | Reached skill level 5 in Maces & Flails
  1221 | D:2      | Noticed a phantom
  1228 | D:2      | Killed a phantom
  1229 | D:2      | Reached skill level 6 in Maces & Flails
  1229 | D:2      | Reached XP level 3. HP: 31/31 MP: 2/2
  1229 | D:2      | Reached XP level 4. HP: 39/39 MP: 3/3
  1986 | D:3      | Reached ** piety under Trog
  1987 | D:3      | Reached skill level 7 in Maces & Flails
  1987 | D:3      | Reached XP level 5. HP: 45/45 MP: 4/4
  2119 | D:3      | Found Ekhulu's Weapon Shop.
  2203 | D:3      | Noticed an ogre
  2217 | D:3      | Killed an ogre
  2218 | D:3      | Reached skill level 8 in Maces & Flails
  2245 | D:3      | Reached XP level 6. HP: 44/52 MP: 5/5
  2592 | D:3      | Found a hide-covered altar of Uskayaw.
  3034 | D:4      | Found a sand-covered staircase.
  3039 | Ossuary  | Entered an ossuary
  3069 | Ossuary  | Reached skill level 5 in Fighting
  3069 | Ossuary  | Reached XP level 7. HP: 61/61 MP: 6/6
  3347 | D:4      | Found Cenkez's CLEARANCE SALE!.
  3371 | D:4      | Bought a scroll of immolation for 20 gold pieces
  3399 | D:4      | Noticed Pikel
  3408 | D:4      | Killed Pikel
  3409 | D:4      | Reached XP level 8. HP: 73/73 MP: 7/7
  4030 | D:5      | Entered Level 5 of the Dungeon
  4074 | D:5      | Found a sparkling altar of Nemelex Xobeh.
  4173 | D:5      | Reached *** piety under Trog
  4322 | D:5      | Reached skill level 9 in Maces & Flails
  4626 | D:5      | Reached skill level 10 in Maces & Flails
  4877 | D:5      | Reached skill level 11 in Maces & Flails
  5425 | D:6      | Reached XP level 9. HP: 79/79 MP: 8/8
  5540 | D:6      | Reached skill level 12 in Maces & Flails
  6209 | D:7      | Found an opulent altar of Gozag.
  6212 | D:7      | Reached skill level 13 in Maces & Flails
  6244 | D:7      | Noticed Maggie
  6261 | D:7      | Killed Maggie
  6263 | D:7      | Reached skill level 14 in Maces & Flails
  6443 | D:7      | Found a staircase to the Ecumenical Temple.
  6578 | D:7      | Noticed Prince Ribbit
  6585 | D:7      | Killed Prince Ribbit
  6814 | D:7      | Reached **** piety under Trog
  6976 | D:8      | Reached XP level 10. HP: 82/88 MP: 9/9
  7282 | D:8      | Found a burning altar of Makhleb.
  8224 | D:9      | Found a sacrificial altar of Ru.
  8255 | D:9      | Reached skill level 5 in Dodging
  8446 | D:10     | Entered Level 10 of the Dungeon
  8824 | D:10     | Found Zin's Purification Station.
  8828 | D:10     | Found a glowing silver altar of Zin.
  8832 | D:10     | Bought a potion of curing for 90 gold pieces
  9642 | D:10     | Found a staircase to the Orcish Mines.
  9776 | D:11     | Killed from afar by an orc priest

Illustrated notes

Levels and vault maps discovered:
D:1:      heliophobic_arrival_henge, layout_loops_cross,
          hellmonk_ecumenical_altar_lost_god, dreamdust_princess_bridge,
          minmay_tetromino_s2
D:2:      layout_basic
D:3:      layout_loops_ring, nicolae_overflow_crystal_walls, serial_shops, shop,
          hangedman_abyss_or_decor_stabs, minmay_ogre_servants
D:4:      layout_loops_ring, enter_ossuary_5, nicolae_shop_clearance, uniq_pikel
D:5:      layout_basic, mainiacjoe_overflow_24_doors,
          nicolae_overflow_hidden_temple, nicolae_fountain_basement
D:6:      hangedman_cross_stitches, layout_basic, st_stairs_2,
          minmay_stone_trees_large
D:7:      layout_rooms, nicolae_gozag_cash_rules_everything_around_me,
          temple_statues, uniq_prince_ribbit1, uniq_maggie
D:8:      layout_gridville, mainiacjoe_overflow_brackets
D:9:      layout_cave_pools, mainiacjoe_overflow_alcove_4
D:10:     mumra_celtic_spiral_tile, layout_rooms, zin_purify, david_orc_2,
          roderic_lattice_a
D:11:     nzn_winding_woodlands_three_and_one
          [nzn_winding_woodlands_5x15_sidewinder,
          nzn_winding_woodlands_5x15_twine, nzn_winding_woodlands_5x15_crooked,
          nzn_winding_woodlands_center_garden], layout_loops_ring,
          erik_lair_orcish_takeover, special_room [special_room_bee]

Skill      XL: |  1  2  3  4  5  6  7  8  9 10 |
---------------+-------------------------------+-----
Maces & Flails | 4 6 7 8 11 14 | 14.5
Fighting       | 5 7 9 |  9.5
Armour         | 4 6 7 9 |  9.6
Dodging        | 3 6 |  6.2

Action                   |  1- 3 |  4- 6 |  7- 9 | 10-12 || total
-------------------------+-------+-------+-------+-------++-------
Melee: Mace              |    53 |    18 |       |       ||    71
       Headbutt          |     3 |    11 |    49 |    40 ||   103
       Punch             |     2 |     4 |     6 |     3 ||    15
       Flail             |       |    75 |   206 |       ||   281
       Dire flail        |       |       |    80 |    78 ||   158
       Morningstar       |       |       |       |   128 ||   128
Invok: Berserk           |     1 |     3 |     2 |     1 ||     7
       Trog's Hand       |       |     1 |     1 |     3 ||     5
  Use: Scroll            |       |       |     6 |     1 ||     7
 Stab: Sleeping          |     2 |       |       |       ||     2
Armor: Animal skin       |    12 |       |       |       ||    12
       Leather armour    |     2 |    35 |    18 |       ||    55
       Ring mail         |       |       |    11 |       ||    11
       Scale mail        |       |       |    43 |       ||    43
       Plate armour      |       |       |     6 |   155 ||   161
Dodge: Dodged            |    29 |    61 |   171 |   144 ||   405
